 Dungeon Crawl Stone Soup version 0.26-a0-695-g987792ac36 (webtiles) character file.

Game seed: 6487964792955082202

1745 zazu2006 the Sneak (level 9, -1/74 HPs)
             Began as a Naga Hedge Wizard on Oct 25, 2020.
             Was an Initiate of Vehumet.
             Killed by divine providence
             ... invoked by an orc priest
              (14 damage)
             ... on level 7 of the Dungeon.
             The game lasted 00:16:20 (9230 turns).

zazu2006 the Sneak (Naga Hedge Wizard)              Turns: 9230, Time: 00:16:22

Health: -1/74      AC:  6    Str: 14    XL:     9   Next: 6%
Magic:  11/16      EV: 11    Int: 17    God:    Vehumet [......]
Gold:   374        SH:  0    Dex: 16    Spells: 9/18 levels left

rFire    . . .     SeeInvis +   B - +0 scimitar
rCold    . . .     Faith    .   (no shield)
rNeg     . . .     Spirit   .   f - +0 leather armour
rPois    +         Reflect  .   c - +0 hat
rElec    .         Harm     .   b - +0 cloak
rCorr    .         Rampage  .   (no gloves)
MR       +....                  (no barding)
Stlth    +++.......             (no amulet)
HPRegen  0.22/turn              a - +6 ring of dexterity
MPRegen  0.15/turn              z - ring of wizardry

@: very slow
A: large, see invisible, deformed body, poison resistance, slowness 2, spit
poison 1, AC +3
a: Spit Poison, Renounce Religion


You were on level 7 of the Dungeon.
You worshipped Vehumet.
Vehumet was noncommittal.
You visited 2 branches of the dungeon, and saw 8 of its levels.

You collected 416 gold pieces.
You spent 42 gold pieces at shops.

Inventory:

Hand Weapons
 B - a +0 scimitar (weapon)
Missiles
 h - 57 poisoned darts (quivered)
Armour
 b - a +0 cloak (worn)
 c - a +0 hat (worn)
 f - a +0 leather armour (worn)
Jewellery
 a - a +6 ring of dexterity (left hand)
 z - a ring of wizardry (right hand)
 D - an uncursed amulet of reflection {unknown}
 E - an uncursed ring of positive energy {unknown}
Wands
 l - a wand of enslavement (3)
 p - a wand of random effects (15)
Scrolls
 j - 6 scrolls of identify {unknown}
 k - 2 scrolls of blinking {unknown}
 q - 4 scrolls of teleportation {unknown}
 r - 4 scrolls of remove curse {unknown}
 t - 2 scrolls of fear {unknown}
 v - 5 scrolls of magic mapping
 w - 2 scrolls of enchant armour {unknown}
 y - a scroll of amnesia {unknown}
 A - a scroll of fog {unknown}
 C - 2 scrolls of enchant weapon {unknown}
Potions
 d - 7 potions of curing {unknown}
 e - 3 potions of haste {unknown}
 g - 3 potions of ambrosia {unknown}
 i - 4 potions of lignification {unknown}
 m - 4 potions of might {unknown}
 n - 3 potions of heal wounds {unknown}
 o - 2 potions of cancellation {unknown}
 s - 2 potions of stabbing {unknown}
 u - 2 potions of flight {unknown}
 x - 3 potions of brilliance {unknown}


   Skills:
 + Level 2.7 Fighting
   Level 0.1(2.3) Short Blades
 + Level 3.9(4.0) Long Blades
 + Level 2.1 Throwing
 + Level 3.5 Armour
 + Level 2.8 Dodging
 + Level 5.5 Stealth
 + Level 5.2 Spellcasting
 + Level 3.2 Conjurations
   Level 1.0 Summonings
 + Level 1.0 Translocations
 + Level 2.0 Air Magic
 + Level 5.0 Poison Magic
 + Level 0.2 Evocations


You had 9 spell levels left.
You knew the following spells:

 Your Spells              Type           Power        Failure   Level
a - Magic Dart            Conj           ###.         1%          1
b - Mephitic Cloud        Conj/Pois/Air  ###.....     5%          3
c - Conjure Flame         Conj/Fire      #.......     11%         3
d - Blink                 Tloc           N/A          7%          2

Your spell library contained the following spells:

 Spells                   Type           Power        Failure   Level
 Call Imp                 Summ           #.......     7%          2
 Slow                     Hex            #.......     11%         2


Dungeon Overview and Level Annotations

Branches:
Dungeon (7/15)             Temple (1/1) D:5

Altars:
Ashenzari
Cheibriados
Dithmenos
Elyvilon
Gozag
Hepliaklqana
Kikubaaqudgha
Makhleb
Nemelex Xobeh
Okawaru
Qazlal
Ru
Trog
Uskayaw
Vehumet
Wu Jian
Xom
Yredelemnul

Shops:
D:5 *

Annotations:
D:7 Menkaure


Innate Abilities, Weirdness & Mutations

You cannot wear boots.
Your serpentine skin is tough. (AC +3)
You have supernaturally acute eyesight. (SInv)
Armour fits poorly on your strangely shaped body.
Your system is resistant to poisons. (rPois)
You cover ground very slowly.
You can spit poison.


Message History

* * * LOW HITPOINT WARNING * * *
You closely miss the orc.
The orc is severely wounded.
Menkaure hits the orc!
The orc dies!
Vehumet accepts your kill.
The orc priest looks satisfied for a moment.
What are your orders? t - Shout!
Orders for allies: a - Attack new target. p - Attack previous target. r - Retreat! s - Stop attacking. g - Guard the area. f - Follow me.
Anything else - Cancel.
Gang up on whom?
Press: ? - help, Dir - move target cursor, f - orc priest, p - Menkaure
Aim: an orc priest (severely wounded, fire blocked by a granite statue) Attack!
The orc priest mumbles some strange prayers to Beogh against something.
Beogh smites you!
You die...

.....#...#).....#
....#...#......# ....'...'......#
#####...#......# #......<#......#
#'##########'###
#.....o#####'#######
#......#..........^#
#......#....M)@....###
#......#.............#
#......###.8.......8.#########
###....o.###...................##
........[)o..8.......8.........'.
##......o###.....).............##
####....# #.8..._...8.........##
#####....# #)...###....###'#.....
#....#########.......#...........


You could see an orc priest and the friendly Menkaure (charmed, fast).

Vanquished Creatures
  An orc warrior (D:5)
  2 sky beasts (D:7)
  2 phantoms
  An ogre (D:6)
  A centaur (D:5)
  4 bullfrogs
  A howler monkey (D:5)
  A bullfrog zombie (D:6)
  A jelly (D:6)
  4 orc priests
  2 hounds
  6 orc wizards
  An iguana (D:4)
  Jessica (D:2)
  4 worker ants
  A hound zombie (D:3)
  A hound skeleton (D:4)
  A worker ant zombie (D:7)
  6 gnolls
  A howler monkey skeleton (D:5)
  6 adders
  A white imp (D:5)
  An ufetubus (D:2)
  2 oozes
  2 adder skeletons
  4 worms
  5 dart slugs (D:1)
  2 leopard geckos
  18 orcs
  8 bats
  3 giant cockroaches
  6 goblins
  6 hobgoblins
  6 jackals
  11 kobolds
  3 frilled lizards
  7 rats
  A spectral orc (D:5)
134 creatures vanquished.

Vanquished Creatures (collateral kills)
  An orc (D:7)
1 creature vanquished.

Vanquished Creatures (others)
  A shadow imp (D:7)
1 creature vanquished.

Grand Total: 136 creatures vanquished

Notes
Turn   | Place    | Note
-------+----------+-------------------------------------------
     0 | D:1      | zazu2006 the Naga Hedge Wizard began the quest for the Orb.
     0 | D:1      | Reached XP level 1. HP: 15/15 MP: 4/4
   168 | D:1      | Reached XP level 2. HP: 22/22 MP: 0/6
   476 | D:1      | Reached XP level 3. HP: 28/28 MP: 4/8
   481 | D:1      | Learned a level 3 spell: Mephitic Cloud
   485 | D:1      | Learned a level 3 spell: Conjure Flame
   488 | D:1      | Learned a level 2 spell: Blink
  1428 | D:2      | Found an ornate altar of the Wu Jian Council.
  1588 | D:2      | Reached XP level 4. HP: 36/36 MP: 6/9
  1637 | D:2      | Noticed Jessica
  1639 | D:2      | Killed Jessica
  1639 | D:2      | Reached skill level 1 in Poison Magic
  2340 | D:3      | Found a faded altar of an unknown god.
  2392 | D:3      | Reached skill level 1 in Armour
  2504 | D:3      | Reached XP level 5. HP: 31/42 MP: 11/11
  2728 | D:3      | Found a bloodstained altar of Trog.
  2960 | D:3      | Found an iron altar of Okawaru.
  2968 | D:3      | Found a broken altar of Ashenzari.
  3523 | D:4      | Reached XP level 6. HP: 35/49 MP: 12/12
  3676 | D:4      | Reached skill level 1 in Throwing
  4120 | D:4      | Reached skill level 1 in Long Blades
  4302 | D:4      | Reached XP level 7. HP: 24/56 MP: 10/14
  4700 | D:4      | Reached skill level 1 in Fighting
  4971 | D:5      | Entered Level 5 of the Dungeon
  5326 | D:5      | Found a sparkling altar of Nemelex Xobeh.
  5417 | D:5      | Found a sacrificial altar of Ru.
  5459 | D:5      | Found a basalt altar of Yredelemnul.
  5537 | D:5      | Found Zeig's General Store.
  5540 | D:5      | Bought a scroll of magic mapping for 42 gold pieces
  6121 | D:5      | Found a staircase to the Ecumenical Temple.
  6143 | Temple   | Entered the Ecumenical Temple
  6207 | Temple   | Became a worshipper of Vehumet
  6806 | D:5      | Reached XP level 8. HP: 22/66 MP: 5/15
  7302 | D:6      | Reached skill level 1 in Air Magic
  7616 | D:6      | Reached skill level 5 in Spellcasting
  7906 | D:6      | Reached skill level 5 in Stealth
  8046 | D:6      | Found an ancient bone altar of Kikubaaqudgha.
  8181 | D:7      | Found a hide-covered altar of Uskayaw.
  8329 | D:7      | Found a radiant altar of Vehumet.
  9012 | D:7      | Reached skill level 5 in Poison Magic
  9012 | D:7      | Reached XP level 9. HP: 53/74 MP: 11/16
  9111 | D:7      | Noticed Menkaure
  9230 | D:7      | Killed from afar by an orc priest

Illustrated notes

Levels and vault maps discovered:
D:1:      mrwooster_arrival_arrow, layout_basic, minmay_tetromino_s2
D:2:      layout_loops_ring, overflow_temple_1_default, uniq_jessica
D:3:      layout_basic, bloody_trog, lemuel_crystal_altar, okawaru_trees_1,
          chequers_ecumenical_altar_simple
D:4:      layout_rooms
D:5:      layout_layer_cave, nicolae_ru_path_of_blood,
          nicolae_overflow_crystal_walls, yredelemnul_forgotten_temple_becter,
          minmay_temple_entry_overgrown, serial_shops,
          nicolae_shop_behind_doors, grunt_ministairs_10
D:6:      layout_loops_ring, kennysheep_mini_moat, serial_glass,
          glass_columns_b, glass_columns_b, item_on_display_a,
          due_unseen_surprise, item_on_display_a
D:7:      layout_basic, eat_drink_and_be_merry_uskayaw, tso_altar, basic_altar,
          serial_shops, nicolae_shop_temple_entry_statues_fountains,
          uniq_menkaure
Temple:   dpeg_three_leaves_temple

Skill      XL: |  1  2  3  4  5  6  7  8 |
---------------+-------------------------+-----
Spellcasting   | 4 5 |  5.2
Poison Magic   | 1 2 3 4 5 |  5.0
Armour         | 1 2 3 |  3.5
Conjurations   | 2 3 |  3.2
Throwing       | 1 2 |  2.1
Dodging        | 2 |  2.8
Long Blades    | 1 2 3 |  3.9
Fighting       | 1 2 |  2.7
Stealth        | 4 5 |  5.5
Air Magic      | 2 |  2.0
Short Blades   | |  0.1
Summonings     | |  1.0
Translocations | |  1.0
Evocations     | |  0.2

Action                   |  1- 3 |  4- 6 |  7- 9 || total
-------------------------+-------+-------+-------++-------
Melee: Dagger            |    15 |    21 |       ||    36
       Falchion          |       |    49 |    88 ||   137
       Scimitar          |       |       |   101 ||   101
Throw: Dart              |       |    13 |    20 ||    33
 Cast: Magic Dart        |    77 |    77 |    85 ||   239
       Mephitic Cloud    |       |    10 |    22 ||    32
       Blink             |       |       |     2 ||     2
 Abil: Spit Poison       |    14 |    24 |    17 ||    55
Evoke: Wand              |       |       |     6 ||     6
 Stab: Confused          |       |     2 |     6 ||     8
       Sleeping          |       |     1 |     2 ||     3
       Distracted        |       |       |     1 ||     1
Armor: Leather armour    |    10 |    36 |    56 ||   102
Dodge: Dodged            |    11 |    59 |   119 ||   189
       Rpst.: Falchion   |       |     8 |    20 ||    28
       Scimitar          |       |       |    18 ||    18

Table legend: (Time is in decaauts)
 A = Elapsed time spent in this place.
 B = Non-inter-level travel time spent in this place.
 C = Inter-level travel time spent in this place.
 D = Time resting spent in this place.
 E = Time spent auto-exploring this place.
 F = Levels seen in this place.
 G = Mean time per level.
                   A        B        C        D        E       F      G
               +--------+--------+--------+--------+--------+-----+--------+
         Total |  10869 |  10668 |    201 |    942 |   8262 |   8 | 1358.6 |
       Dungeon |  10763 |  10579 |    184 |    942 |   8182 |   7 | 1537.6 |
        Temple |    106 |     90 |     16 |      0 |     79 |   1 |  106.0 |
               +--------+--------+--------+--------+--------+-----+--------+

Top non-repeatable levels by time:
     D:5: 2284 daAuts
     D:6: 1673 daAuts
     D:4: 1595 daAuts
     D:3: 1511 daAuts
     D:1: 1389 daAuts
     D:2: 1349 daAuts
     D:7: 959 daAuts
  Temple: 106 daAuts
